AoeStats
← So sad

Socotra

506701539Analyzed
3v3 RM · 17d ago on Sep 14, 2026· 33m 31s· 6 players
Game mode
Random Map
Map size
128×128
Population
200
Speed
Normal
Resources
Standard
Victory
Conquest
Starting age
Dark Age
Ending age
Imperial Age
RankedLock teamsTeams togetherTeam positionsShared explorationLock speedFull tech treeHidden civsTurbo modeCheats
Victory
Defeat
🇪🇸 Magyars · Spain
1413
+16
🇪🇸 Goths · Spain
1365
+18
🇪🇸 Koreans · Spain
1357
+18
🇺🇦 Inca · Ukraine
1418
-18
🇧🇾 Romans · Belarus
1417
-18
🇧🇾 Persians · Belarus
1372
-16
blerasdg
4:29 Loom
10:40 Feudal Age
11:28 Double-Bit Axe
11:26 Horse Collar
20:45 Scale Barding Armor
24:30 Bloodlines
28:32 Castle Age
27:27 Gold Mining
29:50 Chain Barding Armor
29:44 Bow Saw
29:37 Heavy Plow
31:48 Wheelbarrow
Matthewarg20
0:53 Loom
16:04 Feudal Age
21:08 Man-at-Arms
27:10 Castle Age
25:24 Forging
27:05 Scale Mail Armor
27:16 Long Swordsman
MMiguel
1:27 Loom
9:32 Feudal Age
10:02 Double-Bit Axe
15:33 Fletching
29:07 Castle Age
29:43 Bodkin Arrow
29:11 Crossbowman
HURMA
6:16 Loom
7:07 Loom
8:06 Loom
10:31 Feudal Age
11:57 Horse Collar
12:04 Double-Bit Axe
11:45 Man-at-Arms
14:00 Scale Mail Armor
20:32 Wheelbarrow
25:41 Castle Age
24:26 Forging
25:46 Fletching
25:42 Long Swordsman
26:40 Chain Mail Armor
27:09 Iron Casting
26:55 Hand Cart
26:25 Town Watch
28:42 Bodkin Arrow
29:32 Squires
30:16 Town Patrol
32:08 Pikeman
NiL
4:17 Loom
9:39 Feudal Age
11:25 Double-Bit Axe
14:15 Fletching
31:58 Castle Age
31:11 Champi Runner
31:56 Scale Mail Armor
So sad
2:58 Loom
21:33 Feudal Age
26:05 Double-Bit Axe
30:11 Castle Age
28:14 Horse Collar
29:45 Fletching
30:02 Scale Barding Armor
30:32 Town Watch
33:19 Husbandry
Connection lost

Rejoining the realm…

Still unreachable

The connection could not be restored.

Session expired

The server has moved on; the page needs a fresh start.